 Dungeon Crawl Stone Soup version 0.30-a0-626-gd6a5dd7a1f (webtiles) character file.

Game seed: 14657147858617803047

543 bande the Chopper (level 7, -3/44 HPs)
             Began as a Gargoyle Fighter on Jan 12, 2023.
             Killed by divine providence
             ... invoked by an orc priest
              (14 damage)
             ... on level 4 of the Dungeon.
             The game lasted 00:06:09 (3179 turns).

bande the Chopper (Gargoyle Fighter)                Turns: 3179, Time: 00:06:10

Health: -3/44      AC: 16    Str: 19    XL:     7   Next: 27%
Magic:  7/7        EV: 10    Int:  9    God:
Gold:   119        SH:  5    Dex: 11    Spells: 6/6 levels left

rFire   . . .      SeeInvis .    a - +0 war axe
rCold   + . .      Faith    .    c - +0 buckler
rNeg    + . .      Spirit   .    i - +3 ring mail {rPois}
rPois   ∞          Reflect  .    (no helmet)
rElec   +          Harm     .    (no cloak)
rCorr   .          Rampage  .    f - +1 pair of gloves
Will    .....                    (no boots)
Stlth   +                        (no amulet)
HPRegen 0.27/turn                u - ring of protection from cold
MPRegen 0.10/turn                (no ring)

@: no status effects
A: sickness immunity, AC +4, negative energy resistance 1, electricity
resistance, torment resistance 1, petrification resistance
a: no special abilities


You were on level 4 of the Dungeon.
You visited 1 branch of the dungeon, and saw 4 of its levels.
You also visited: Sewer.

You collected 119 gold pieces.

Inventory:

Hand Weapons
 a - a +0 war axe (weapon)
 s - a +0 flail
Armour
 c - a +0 buckler (worn)
 f - a +1 pair of gloves (worn)
 i - a +3 ring mail of poison resistance (worn)
Jewellery
 u - a ring of protection from cold (left hand)
Scrolls
 m - 2 scrolls of identify
Potions
 b - 3 potions of degeneration {unknown}
 d - 3 potions of might
 e - 3 potions of heal wounds {unknown}
 g - 2 potions of flight
 j - 2 potions of curing {unknown}
 n - a potion of haste {unknown}
 p - a potion of brilliance {unknown}
 q - a potion of mutation {unknown}


   Skills:
 + Level 4.8 Fighting
 + Level 5.1 Axes
 + Level 4.7 Armour
 + Level 4.5 Shields


You had 6 spell levels left.
You didn't know any spells.
Your spell library contained the following spells:

 Spells                   Type           Power      Damage    Failure   Level
 Kiss of Death            Conj/Necr      0%         2d5       65%         1
 Confusing Touch          Hex            0%         N/A       95%         3
 Gell's Gravitas          Tloc           0%         N/A       95%         3
 Teleport Other           Tloc           0%         N/A       95%         3
 Dispel Undead            Necr           0%         3d6       100%        4
 Dispersal                Tloc           0%         N/A       100%        6


Dungeon Overview and Level Annotations

Branches:
Dungeon (4/15)              Sewer (visited)
 Temple: D:4-7

Altars:
The Shining One


Innate Abilities, Weirdness & Mutations

You are immune to sickness and miasma.
Your stone body is resilient. (AC +4)
You are immune to poison.
You resist negative energy. (rN+)
You are resistant to electric shocks. (rElec)
You are resistant to unholy torment.
You are immune to petrification.


Message History

The orc warrior shoots a bolt.
The bolt hits you but does no damage.
You hit the orc priest.
The orc priest is heavily wounded.
You closely miss the orc. The orc hits you but does no damage.
The orc priest hits you from afar with a +0 trident.
You block the orc priest's attack.
The orc warrior shoots a bolt.
The bolt hits you but does no damage.
The orc priest invokes the aid of Beogh against you.
Beogh smites you! The orc barely misses you. The orc priest barely misses you.
You hit the orc priest.
The orc priest is almost dead.
You hit the orc.
The orc warrior shoots a bolt.
You block the bolt. The orc hits you but does no damage.
The orc priest casts a cantrip, but nothing happens.
You block the orc priest's attack.
You hit the orc priest but do no damage.
The orc priest is almost dead.
You hit the orc. The orc hits you but does no damage.
The orc priest hits you but does no damage.
The orc priest calls down the wrath of Beogh upon you.
You struggle to resist.
You hit the orc priest.
You kill the orc priest!
You hit the orc. The orc hits you but does no damage.
The orc priest hits you from afar with a +0 trident.
The orc warrior shoots a bolt.
You block the bolt.
Unknown command.
The orc hits you but does no damage. The orc priest closely misses you.
You see here a +0 hand axe.
You closely miss the orc priest. You hit the orc.
You kill the orc!
You hit the orc warrior but do no damage.
The orc priest mumbles some strange prayers to Beogh against you.
Beogh smites you!
* * * LOW HITPOINT WARNING * * *
The orc warrior unwields a +0 arbalest.
The orc warrior wields a +0 trident.
The orc warrior hits you but does no damage.
The orc priest calls down the wrath of Beogh upon you.
Beogh smites you!
You die...

*,* *,,,,,,**#####**,* *,,,*, *,*
***,,*,**#...###,*****,,,*,
**,******,,*,**......,,,,,,,,,,*,
,,,,,,,,,,,,,,,.....,,,,,,,,,*,*,
,,,,,,,,,,,*,**#...#**,*******,,,
,,,,,,,,,,**,* #...# *,,,,,,,,,*,
**,*********,* #...# *,,,,,,,,,,,
***,* *,*##.).# *,,,*****,*,
,,,,* *,*#)@..# *,**** *,*, **,,*
***#'oo##**,,,,* *,*, **,,*
*.......**,**** *,*,
,,,,********#.#####.#*,* *,*,
**,,,,,,,,,*#.*,,,*.#*,* *,*,
,*,,,****,,,#,*,_,*,#,,* *,*,
**,,,,,,,,,,*,,,,,,,**,* *,*,
*,,,***,,,**********,,* *,*,
**,,,***,,,,,,,,,,,,,,,* *,*,


You could see an orc warrior and an orc priest.

Vanquished Creatures
  2 bullfrogs (Sewer)
  An orc priest (D:4)
  Terence (D:3)
  Natasha (thrice) (D:3)
  An orc wizard (D:4)
  11 adders
  3 river rats (Sewer)
  3 worms
  A dart slug (D:3)
  9 orcs
  8 endoplasms
  6 giant cockroaches
  3 goblins
  6 hobgoblins
  6 jackals
  4 kobolds
  6 quokkas
  19 ball pythons
  5 bats
  2 frilled lizards
  35 rats
135 creatures vanquished.

Vanquished Creatures (collateral kills)
  An orc (D:4)
1 creature vanquished.

Vanquished Creatures (others)
  A plant (D:1)
1 creature vanquished.

Grand Total: 137 creatures vanquished

Notes
Turn   | Place    | Note
-------+----------+-------------------------------------------
     0 | D:1      | bande the Gargoyle Fighter began the quest for the Orb.
     0 | D:1      | Reached XP level 1. HP: 14/14 MP: 1/1
    42 | D:1      | Reached XP level 2. HP: 19/19 MP: 2/2
   162 | D:1      | Reached skill level 2 in Axes
   461 | D:1      | Reached XP level 3. HP: 24/24 MP: 3/3
   463 | D:1      | Found a faded altar of an unknown god.
  1413 | D:3      | Reached XP level 4. HP: 29/29 MP: 4/4
  1430 | D:3      | Noticed Terence
  1442 | D:3      | Killed Terence
  1443 | D:3      | Reached skill level 3 in Axes
  1642 | D:3      | Found a glowing golden altar of the Shining One.
  1698 | D:3      | Noticed Natasha
  1700 | D:3      | Killed Natasha
  1701 | D:3      | Reached XP level 5. HP: 33/33 MP: 5/5
  1879 | D:3      | Found a glowing drain.
  1883 | Sewer    | Entered a sewer
  2150 | Sewer    | Reached skill level 4 in Axes
  2193 | Sewer    | Reached XP level 6. HP: 37/39 MP: 6/6
  2650 | D:3      | Noticed Natasha
  2655 | D:3      | Killed Natasha
  2709 | D:3      | Noticed Natasha
  2719 | D:3      | Killed Natasha
  2720 | D:3      | Reached XP level 7. HP: 44/44 MP: 7/7
  3167 | D:4      | Reached skill level 5 in Axes
  3179 | D:4      | Killed from afar by an orc priest

Illustrated notes

Levels and vault maps discovered:
D:1:      dpeg_arrival_court, layout_loops_cross,
          shapermc_ecumenical_altar_mp_ritualfount, hex_tiny,
          nicolae_figureground_pulse
D:2:      layout_basic, minmay_distorted
D:3:      layout_loops_corners, mainiacjoe_overflow_tiny_flanked,
          gup_sewer_entry_spiral, uniq_natasha, uniq_terence
D:4:      layout_basic, mainiacjoe_overflow_alcove_4, st_stairs_1,
          grunt_decor_mini_mirrors

Skill      XL: |  1  2  3  4  5  6  7 |
---------------+----------------------+-----
Axes           | 2 3 4 5 |  5.1
Fighting       | 4 |  4.8
Armour         | 4 |  4.7
Shields        | 4 |  4.5

Action                   |  1- 3 |  4- 6 |  7- 9 || total
-------------------------+-------+-------+-------++-------
Melee: War axe           |   117 |   268 |    48 ||   433
  Use: Scroll            |     1 |     2 |     6 ||     9
Armor: Scale mail        |    50 |       |       ||    50
       Chain mail        |    13 |    35 |       ||    48
       Skin              |     4 |       |       ||     4
       Ring mail         |       |   187 |    41 ||   228
Dodge: Dodged            |    75 |   215 |    19 ||   309
Block: Buckler           |    30 |    90 |    11 ||   131

Table legend: (Time is in decaauts)
 A = Elapsed time spent in this place.
 B = Non-inter-level travel time spent in this place.
 C = Inter-level travel time spent in this place.
 D = Time resting spent in this place.
 E = Time spent auto-exploring this place.
 F = Levels seen in this place.
 G = Mean time per level.
                   A        B        C        D        E       F      G
               +--------+--------+--------+--------+--------+-----+--------+
         Total |   3415 |   3386 |     29 |    175 |   2120 |   5 |  683.0 |
       Dungeon |   2763 |   2734 |     29 |      0 |   1958 |   4 |  690.8 |
         Sewer |    651 |    651 |      0 |    175 |    162 |   1 |  651.0 |
               +--------+--------+--------+--------+--------+-----+--------+

Top non-repeatable levels by time:
     D:3: 1229 daAuts
     D:2: 753 daAuts
     D:1: 695 daAuts
   Sewer: 651 daAuts
     D:4: 85 daAuts
